 Dungeon Sprint DCSS version 0.13-a0-2859-gb62c5ab (webtiles) character file.

1437 Misa the Unseen (level 7, -5/32 HPs)
             Began as a Spriggan Enchanter on Aug 28, 2013.
             Rolled over by a boulder beetle (37 damage)
             ... in the Dungeon (Sprint II: "The Violet Keep of Menkaure").
             The game lasted 00:01:45 (96 turns).

Misa the Unseen (Spriggan Enchanter)                  Turns: 96, Time: 00:01:45

HP  -5/32        AC  3     Str  4      XL: 7   Next: 36%
MP  20/25        EV 18     Int 16      God:
Gold 749         SH  0     Dex 19      Spells:  3 memorised, 14 levels left

Res.Fire  : . . .   See Invis. : +   a - +1 dagger {=f}
Res.Cold  : . . .   Warding    : .   b - +1 robe
Life Prot.: . . .   Conserve   : .   (shield restricted)
Res.Poison: .       Res.Corr.  : .   (helmet restricted)
Res.Elec. : .       Clarity    : .   (no cloak)
Sust.Abil.: . .     Spirit.Shd : .   (gloves unavailable)
Res.Mut.  : .       Prev.Telep.: +   (boots unavailable)
Res.Rott. : .       Flight     : .   (no amulet)
Saprovore : . . .                    (no ring)
                                     (no ring)

@: very quick, somewhat resistant to hostile enchantments, extraordinarily
stealthy
A: unfitting armour, see invisible, herbivore 3, speed 3, slow metabolism 2
a: no special abilities


You were in the Dungeon.
You were not hungry.

You visited 1 branch You collected 729 gold pieces.

Inventory:

Hand weapons
 a - a +1,+1 dagger (weapon) {=f}
Missiles
 d - 12 darts (quivered)
Armour
 b - a +1 robe (worn)
Scrolls
 k - a scroll of blinking
Potions
 e - a potion of porridge
 f - a potion of curing
 g - a potion of heal wounds
 h - a potion of speed
 i - 2 potions of magic
Books
 c - a book of Maledictions

   Spells                             Type                      Level
   *Corona                            Hexes                        1
   Sure Blade                         Hexes/Charms                 2
   *Ensorcelled Hibernation           Hexes/Ice                    2
   Confuse                            Hexes                        3
   Enslavement                        Hexes                        4
   *Invisibility                      Hexes                        6


   Skills:
 - Level 1.4 Fighting
 + Level 7.7 Short Blades
 - Level 1.1 Throwing
 - Level 3.0 Dodging
 - Level 15.4 Stealth
 + Level 8.9 Spellcasting
 + Level 8.7 Hexes


You had 14 spell levels left.
You knew the following spells:

 Your Spells              Type           Power        Failure   Level  Hunger
a - Corona                Hex            #####..      1%          1    None
b - Ensorcelled Hibernat  Hex/Ice        ###...       2%          2    None
c - Invisibility          Hex            #####...     54%         6    ######.


Dungeon Overview and Level Annotations

Branches:
Dungeon (1/1)

Altars:

Shops:
D [


Innate Abilities, Weirdness & Mutations

You are tiny and cannot use many weapons and most armour.
You have supernaturally acute eyesight.
You are a herbivore.
You cover ground extremely quickly.
You need consume almost no food.


Message History

You have reached level 7!
There is an open door here.
The helpless hippogriff fails to defend itself.
You chop the hippogriff into pieces!!!!
You kill the hippogriff!
Your Hexes skill increases to level 8!
Casting: Ensorcelled Hibernation
Confirm with . or Enter, or press ? or * to list all spells.
Okay, then.
There is an open door here.
You now have 749 gold pieces (gained 243).
There is an open door here.
There is a staircase leading out of the dungeon here.
You open the door. 2 boulder beetles come into view.
Found 243 gold pieces.
The boulder beetle curls into a ball and starts rolling!
The boulder beetle smashes into you!
Ouch! That really hurt!
You die...

####≈≈#+++#+++##
###≈≈≈.........#
∩.#≈≈≈≈%##+##..#
.#≈≈≈≈##.#.##
.#≈≈≈≈#..#..#
.#≈≈#####%#####
#≈##.###'# #.##
≈#...##.##.B.#
#%'<<<@#
#...##.##B§$#
##.###'###.## ##
#.#.# ## #%###.#
## ##


You could see 2 boulder beetles.

Vanquished Creatures
  A mermaid (D)
  A baby alligator (D)
  2 hippogriffs (D)
  4 giant centipedes (D)
8 creatures vanquished.

Notes
Turn   | Place    | Note
--------------------------------------------------------------
     0 | D        | Misa, the Spriggan Enchanter, began the quest for the Orb.
     0 | D        | Reached XP level 1. HP: 9/9 MP: 4/4
     0 | D        | Noticed a mermaid
     6 | D        | Reached skill level 6 in Stealth
     6 | D        | Reached XP level 2. HP: 13/13 MP: 7/7
     8 | D        | Reached skill level 8 in Stealth
    17 | D        | Reached skill level 9 in Stealth
    17 | D        | Reached XP level 3. HP: 16/16 MP: 10/10
    47 | D        | Noticed an orange crystal statue
    49 | D        | Noticed a baby alligator
    50 | D        | Found Zeehuema's Antique Armour Shop.
    51 | D        | Killed a baby alligator
    51 | D        | Reached skill level 1 in Fighting
    51 | D        | Reached skill level 15 in Stealth
    51 | D        | Reached XP level 4. HP: 21/21 MP: 12/14
    51 | D        | Reached XP level 5. HP: 24/24 MP: 14/17
    60 | D        | Learned a level 2 spell: Ensorcelled Hibernation
    69 | D        | Killed a mermaid
    69 | D        | Reached XP level 6. HP: 29/29 MP: 15/22
    80 | D        | Learned a level 6 spell: Invisibility
    82 | D        | Noticed a hippogriff
    82 | D        | Noticed a hippogriff
    85 | D        | Killed a hippogriff
    85 | D        | Reached XP level 7. HP: 32/32 MP: 18/24
    88 | D        | Killed a hippogriff
    95 | D        | Noticed a boulder beetle
    95 | D        | Noticed a boulder beetle
    96 | D        | Rolled over by a boulder beetle

Action                   |  1- 3 |  4- 6 |  7- 9 || total
-------------------------+-------+-------+-------++-------
Melee: Dagger            |    12 |     2 |     1 ||    15
 Cast: Ensorcelled Hiber |       |     1 |       ||     1
  Use: Potion            |     1 |       |       ||     1
 Stab: Sleeping          |     1 |     2 |     1 ||     4
